AoeStats
← NoMad311

Hill Fort

506484645Analyzed
2v2 RM · 19d ago on Sep 13, 2026· 29m 0s· 4 players
Game mode
Random Map
Map size
Medium (4 player)
Population
200
Speed
Normal
Resources
Standard
Victory
Conquest
Starting age
Dark Age
Ending age
Imperial Age
RankedLock teamsTeams togetherTeam positionsShared explorationLock speedFull tech treeHidden civsTurbo modeCheats
Victory
Defeat
🇺🇸 Britons · United States
551
+18
🇪🇸 Byzantines · Spain
521
+18
🇨🇿 Georgians · Czechia
585
-18
🇨🇿 Tatars · Czechia
584
-18
DavidPC5381
0:46 Loom
11:29 Feudal Age
13:08 Wheelbarrow
12:24 Double-Bit Axe
16:35 Horse Collar
17:20 Gold Mining
24:17 Castle Age
22:52 Stone Mining
26:53 Crossbowman
28:31 Bow Saw
jcsteele121711
11:22 Feudal Age
18:17 Castle Age
17:12 Double-Bit Axe
27:24 Horse Collar
Eurojedna
8:49 Feudal Age
7:07 Loom
10:16 Wheelbarrow
9:39 Double-Bit Axe
10:16 Horse Collar
19:50 Castle Age
19:29 Scale Barding Armor
21:05 Hand Cart
21:51 Bloodlines
23:28 Heavy Plow
23:40 Gold Mining
NoMad311
6:30 Loom
11:43 Feudal Age
12:21 Double-Bit Axe
13:56 Wheelbarrow
14:25 Gold Mining
19:18 Horse Collar
19:26 Town Watch
19:45 Stone Mining
19:48 Man-at-Arms
24:52 Castle Age
23:54 Padded Archer Armor
24:06 Forging
25:43 Town Patrol
26:01 Fishing Lines
26:47 Heavy Plow
27:00 Bow Saw
27:29 Gold Shaft Mining
26:17 Crossbowman
27:52 Pikeman
27:53 Long Swordsman
28:33 Squires
28:49 Caravan
Connection lost

Rejoining the realm…

Still unreachable

The connection could not be restored.

Session expired

The server has moved on; the page needs a fresh start.